[Event "ICC tourney 2876 (40 10)"]
[Site "Internet Chess Club"]
[Date "2022.04.09"]
[Round "1"]
[White "WILLY, STEPHEN:stephenwilly"]
[Black "JACKSON, MASSIMO MATEO:Yeetamus123"]
[Result "1-0"]
[ICCResult "Black checkmated"]
[WhiteElo "1809"]
[BlackElo "1514"]
[Opening "Sicilian: Alapin's variation (2.c3)"]
[ECO "B22"]
[NIC "SI.47"]
[Time "11:00:15"]
[PlyCount "29"]
[TimeControl "2400+10"]

1. e4 c5 2. c3 Nf6 3. e5 Nd5 4. d4 cxd4 5. Nf3 Nc6 6. Bc4 Nb6 7. Bb3 dxc3 8.
Nxc3 g6 9. Ng5 e6 10. Nge4 Nxe5 11. Bf4 Nec4 12. Bxc4 Nxc4 13. Qd4 Nxb2 14.
Nf6+ Ke7 15. Bd6# {Black checkmated} 1-0

[Event "ICC tourney 2876 (40 10)"]
[Site "Internet Chess Club"]
[Date "2022.04.09"]
[Round "1"]
[White "LIU, JOSHUA:chessmaster0981"]
[Black "DAS, ADITEYA:AdiD"]
[Result "1/2-1/2"]
[ICCResult "Game drawn by mutual agreement"]
[WhiteElo "1676"]
[BlackElo "1492"]
[Opening "French: MacCutcheon, Chigorin variation"]
[ECO "C12"]
[NIC "FR.05"]
[Time "11:01:12"]
[PlyCount "72"]
[TimeControl "2400+10"]

1. e4 e6 2. d4 d5 3. Nc3 Nf6 4. Bg5 Bb4 5. e5 h6 6. exf6 hxg5 7. fxg7 Rg8 8.
Bd3 Qf6 9. Nf3 c5 10. a3 Ba5 11. h3 Nc6 12. O-O Bxc3 13. bxc3 c4 14. Be2
Rxg7 15. Nh2 Bd7 16. Ng4 Qe7 17. Qd2 f5 18. Nh2 O-O-O 19. Rab1 b6 20. f4
Rdg8 21. fxg5 Qxg5 22. Qxg5 Rxg5 23. Bf3 Be8 24. Rbe1 Kd7 25. Rf2 Bh5 26.
Rfe2 Bxf3 27. Nxf3 Rg3 28. Kh2 R3g6 29. Kh1 Rh6 30. Kh2 Kd6 31. Re3 Ne7 32.
Ne5 Rf6 33. R3e2 f4 34. Ng4 Rfg6 35. Ne5 R6g7 36. Ng4 Rg6
{Game drawn by mutual agreement}
1/2-1/2

[Event "ICC tourney 2876 (40 10)"]
[Site "Internet Chess Club"]
[Date "2022.04.09"]
[Round "1"]
[White "Kobanenko, Mikhail:LightArt"]
[Black "Doan Giang, Nguyen Doan:Doctorstrange04"]
[Result "0-1"]
[ICCResult "White resigns"]
[WhiteElo "1568"]
[BlackElo "1821"]
[Opening "Sicilian: accelerated fianchetto, modern variation"]
[ECO "B34"]
[NIC "SI.33"]
[Time "11:01:12"]
[PlyCount "102"]
[TimeControl "2400+10"]

1. e4 c5 2. Nf3 Nc6 3. d4 cxd4 4. Nxd4 g6 5. Nc3 Bg7 6. Be3 Nf6 7. Be2 O-O
8. Qd2 d5 9. exd5 Nxd5 10. Nxd5 Nxd4 11. Bxd4 Qxd5 12. Bxg7 Qxg2 13. O-O-O
Kxg7 14. h4 Bf5 15. h5 Rac8 16. Qd4+ Kg8 17. c3 Rfd8 18. Qe3 Qe4 19. Qxe4
Bxe4 20. Rhg1 Kg7 21. hxg6 fxg6 22. f4 Kf6 23. Rdf1 Rd6 24. Bf3 Bxf3 25.
Rxf3 Rcd8 26. Rf2 e6 27. Rh1 R8d7 28. Kc2 Rd5 29. Rfh2 h5 30. Rg1 Rf5 31.
Rhg2 Rg7 32. Rf2 e5 33. Rd2 exf4 34. Rd6+ Kf7 35. Kd3 f3 36. Rf1 f2 37. Ke2
Ke7 38. Rd3 Rgf7 39. Re3+ Kf8 40. Rg3 Kg7 41. Rg2 g5 42. a4 g4 43. b4 Rf4
44. Rgxf2 Rxf2+ 45. Rxf2 Rxf2+ 46. Kxf2 h4 47. c4 Kf6 48. b5 Ke6 49. c5 Kd5
50. c6 bxc6 51. bxc6 Kxc6 {White resigns} 0-1

[Event "ICC tourney 2876 (40 10)"]
[Site "Internet Chess Club"]
[Date "2022.04.09"]
[Round "1"]
[White "LOPEZ, FRANCISCO JAVIER:steinutz"]
[Black "HOSUR, SANMITA:phosur"]
[Result "1-0"]
[ICCResult "Black checkmated"]
[WhiteElo "1641"]
[BlackElo "1250"]
[Opening "Queen's pawn, Mason variation"]
[ECO "D00"]
[NIC "QP.08"]
[Time "11:00:19"]
[PlyCount "57"]
[TimeControl "2400+10"]

1. d4 d5 2. Bf4 Nf6 3. e3 e6 4. Bd3 Nbd7 5. Nd2 c5 6. c3 c4 7. Bc2 b5 8. a3
Bb7 9. Qe2 Be7 10. Ngf3 O-O 11. h3 Qb6 12. O-O Bd6 13. Ne5 Bxe5 14. dxe5 Ne4
15. Nf3 f6 16. exf6 Ndxf6 17. Ne5 Rad8 18. f3 Nc5 19. Kh1 Nfd7 20. Rad1 a5
21. Bb1 b4 22. Qc2 Rf5 23. Nxd7 Rxd7 24. axb4 axb4 25. cxb4 Qxb4 26. g4 Rff7
27. Qxh7+ Kf8 28. Bg5 d4 29. Qh8# {Black checkmated} 1-0

[Event "ICC tourney 2876 (40 10)"]
[Site "Internet Chess Club"]
[Date "2022.04.09"]
[Round "1"]
[White "INDUKURI, SUHAS VARMA:Suhas12"]
[Black "YU, AVERY:Averyyu321"]
[Result "0-1"]
[ICCResult "White checkmated"]
[WhiteElo "1475"]
[BlackElo "1669"]
[Opening "Sicilian: dragon, Yugoslav attack"]
[ECO "B75"]
[NIC "SI.17"]
[Time "11:09:22"]
[PlyCount "84"]
[TimeControl "2400+10"]

1. e4 c5 2. Nf3 d6 3. d4 cxd4 4. Nxd4 Nf6 5. Nc3 g6 6. Be3 Bg7 7. f3 a6 8.
a4 Nc6 9. Bc4 O-O 10. Qd2 Bd7 11. O-O Rc8 12. Ba2 Ne5 13. Qe2 Qc7 14. Rad1
Qa5 15. Bb3 Rc5 16. Bxf7+ Rxf7 17. Nb3 Qb4 18. Nxc5 dxc5 19. f4 Nc4 20. h3
Nxb2 21. Qd2 Nxd1 22. Rxd1 e6 23. Rb1 Nxe4 24. Nxe4 Qxb1+ 25. Kf2 Qb4 26.
Bxc5 Qxe4 27. Be3 Qxa4 28. g3 b5 29. c3 Qc4 30. Bd4 Bxd4+ 31. Qxd4 Qxd4+ 32.
cxd4 a5 33. Ke3 a4 34. Kd3 b4 35. Kc2 a3 36. Kb3 Ba4+ 37. Kxa4 a2 38. Kxb4
a1=Q 39. Kc5 Qc3+ 40. Kd6 Qc7+ 41. Kxe6 Qc6+ 42. Ke5 Rf5# {White checkmated}
0-1

[Event "ICC tourney 2876 (40 10)"]
[Site "Internet Chess Club"]
[Date "2022.04.09"]
[Round "1"]
[White "DUBE, DANIEL:betterone76"]
[Black "PUGH, RICHARD:rpughiii"]
[Result "1-0"]
[ICCResult "Black resigns"]
[WhiteElo "1652"]
[BlackElo "1438"]
[Opening "Réti: King's Indian attack (Barcza system)"]
[ECO "A07"]
[NIC "QP.09"]
[Time "11:00:21"]
[PlyCount "99"]
[TimeControl "2400+10"]

1. Nf3 d5 2. g3 Nf6 3. Bg2 c5 4. d4 Nc6 5. O-O e6 6. c4 Be7 7. cxd5 Nxd5 8.
Nc3 Nxc3 9. bxc3 O-O 10. e4 b6 11. Be3 Ba6 12. Re1 Qc7 13. Bf4 Bd6 14. e5
Be7 15. Qa4 Bb7 16. Rad1 Rad8 17. h4 Na5 18. Nd2 Bc6 19. Bxc6 Qxc6 20. Qxc6
Nxc6 21. dxc5 Bxc5 22. Ne4 Rxd1 23. Rxd1 Rd8 24. Rxd8+ Nxd8 25. Nxc5 bxc5
26. Be3 Nb7 27. Kf1 Kf8 28. Ke2 Ke7 29. Kd3 Kd7 30. Kc4 Kc6 31. a4 Na5+ 32.
Kd3 a6 33. c4 Nb7 34. f4 Kb6 35. Bd2 Na5 36. g4 Nb3 37. Bc3 Na5 38. h5 Nc6
39. f5 a5 40. Ke4 Nb4 41. g5 Na2 42. Bd2 Nb4 43. g6 exf5+ 44. Kxf5 hxg6+ 45.
hxg6 fxg6+ 46. Kxg6 Nc6 47. Bf4 Nd4 48. Kf7 Kc6 49. e6 Nxe6 50. Kxe6
{Black resigns}
1-0

[Event "ICC tourney 2876 (40 10)"]
[Site "Internet Chess Club"]
[Date "2022.04.09"]
[Round "1"]
[White "Mason, Mike W:MikeWMason"]
[Black "ZHENG, ZHAOXIONG:normzheng"]
[Result "1-0"]
[ICCResult "Black resigns"]
[WhiteElo "1500"]
[BlackElo "1719"]
[Opening "Pirc: Ufimtsev-Pytel variation"]
[ECO "B07"]
[NIC "PU.08"]
[Time "11:08:50"]
[PlyCount "73"]
[TimeControl "2400+10"]

1. e4 d6 2. d4 Nf6 3. Nc3 c6 4. f4 Qa5 5. Bd2 e5 6. Nf3 Nbd7 7. Bd3 Qb6 8.
Na4 Qc7 9. c4 Be7 10. O-O O-O 11. Rc1 Re8 12. Nc3 Bf8 13. Kh1 exd4 14. Nxd4
Nc5 15. Qf3 Nxd3 16. Qxd3 Bd7 17. Rce1 a6 18. a4 Rab8 19. h3 g6 20. g4 c5
21. Nf3 Bc6 22. b3 Bg7 23. Nd5 Nxd5 24. exd5 Bd7 25. Bc3 Bxc3 26. Qxc3 b5
27. Qf6 h6 28. f5 Rxe1 29. Rxe1 Qd8 30. Re7 Qf8 31. Rxd7 bxc4 32. fxg6 Qg7
33. Rd8+ Rxd8 34. Qxd8+ Qf8 35. gxf7+ Kxf7 36. Qxf8+ Kxf8 37. bxc4
{Black resigns}
1-0

[Event "ICC tourney 2876 (40 10)"]
[Site "Internet Chess Club"]
[Date "2022.04.09"]
[Round "1"]
[White "KU, HUNTER:petitejudo"]
[Black "VALE CRUZ, ARMIN:trucker"]
[Result "1-0"]
[ICCResult "Black resigns"]
[WhiteElo "1194"]
[BlackElo "1623"]
[Opening "KGD: Falkbeer, Morphy gambit"]
[ECO "C32"]
[NIC "KG.04"]
[Time "11:00:18"]
[PlyCount "129"]
[TimeControl "2400+10"]

1. e4 e5 2. f4 d5 3. exd5 e4 4. d3 Nf6 5. Nc3 Bb4 6. Bd2 e3 7. Qe2 O-O 8.
Qxe3 Bxc3 9. Bxc3 Re8 10. Be5 Nxd5 11. Qg3 f6 12. O-O-O fxe5 13. fxe5 Nc6
14. d4 Kh8 15. Bd3 Ncb4 16. Be4 Nxa2+ 17. Kb1 Be6 18. c4 Ndb4 19. d5 c6 20.
Ne2 cxd5 21. cxd5 Nxd5 22. Nf4 Nac3+ 23. bxc3 Qb6+ 24. Kc1 Nxf4 25. Qxf4
Rac8 26. Rd3 Qa5 27. Kd2 Bg8 28. Rd1 Rxe5 29. Rc1 Rce8 30. Re3 Qa2+ 31. Rc2
Qe6 32. Bf5 Qd6+ 33. Bd3 b5 34. Rxe5 Rxe5 35. Qh4 h6 36. Qd4 Qe7 37. Rb2
Qg5+ 38. Kd1 Rd5 39. Qe4 a6 40. Rd2 Re5 41. Qf3 Bb3+ 42. Bc2 Bxc2+ 43. Kxc2
Qg6+ 44. Kb2 a5 45. Qa8+ Kh7 46. Qxa5 Qg5 47. Rc2 b4 48. Qa4 Ra5 49. Qb3
bxc3+ 50. Qxc3 Rb5+ 51. Ka1 Qd5 52. Qd2 Qb3 53. Rb2 Ra5+ 54. Kb1 Qc4 55.
Qxa5 Qd3+ 56. Ka2 Qc4+ 57. Ka3 Qd3+ 58. Rb3 Qc2 59. Qc3 Qxg2 60. Qd3+ Kg8
61. Rb8+ Kf7 62. Qf5+ Ke7 63. Qe5+ Kf7 64. Qc7+ Kg6 65. Qg3+ {Black resigns}
1-0

[Event "ICC tourney 2876 (40 10)"]
[Site "Internet Chess Club"]
[Date "2022.04.09"]
[Round "1"]
[White "Tang, Austin:Mrpeetapizza"]
[Black "PRIYADARSHI, VED:ved2006"]
[Result "1-0"]
[ICCResult "Black resigns"]
[WhiteElo "1835"]
[BlackElo "1614"]
[Opening "Réti: King's Indian attack (Barcza system)"]
[ECO "A07"]
[NIC "QP.09"]
[Time "11:00:17"]
[PlyCount "153"]
[TimeControl "2400+10"]

1. Nf3 d5 2. g3 Nf6 3. Bg2 e6 4. O-O Bd6 5. d3 O-O 6. Nc3 Nbd7 7. e4 c6 8.
Re1 Qc7 9. Bg5 dxe4 10. dxe4 e5 11. Qd2 h6 12. Be3 Bb4 13. Nh4 Nb6 14. a3
Nc4 15. Qe2 Bxc3 16. bxc3 Nxe3 17. Qxe3 Re8 18. Rab1 Qa5 19. Rb3 b6 20. Nf5
Be6 21. Rb4 Rad8 22. Qf3 Bxf5 23. exf5 e4 24. Qe2 Qxf5 25. Bxe4 Nxe4 26.
Rxe4 Rxe4 27. Qxe4 Qxe4 28. Rxe4 Rd2 29. Re8+ Kh7 30. Re7 Rxc2 31. Rxf7 Rxc3
32. Rxa7 b5 33. Kf1 c5 34. Rb7 Rxa3 35. Rxb5 Rc3 36. Ke2 g5 37. Rb6 Rc1 38.
Kf3 Rh1 39. Kg2 Rc1 40. Rc6 c4 41. h3 Rc3 42. Kf1 Rc2 43. Ke1 c3 44. Kf1 Kg7
45. Kg2 h5 46. Kf3 Kh7 47. Ke3 Rc1 48. Ke4 Rf1 49. Kf3 Rh1 50. Rxc3 Rxh3 51.
Kg2 g4 52. Rc6 Kg7 53. Rc4 Kg6 54. f3 Kf5 55. Rc5+ Kg6 56. f4 Kf6 57. Re5
Kg6 58. Ra5 Kf6 59. Ra6+ Kf5 60. Rh6 Ke4 61. Rh8 h4 62. Re8+ Kd3 63. gxh4
Rxh4 64. Kg3 Rh7 65. Kxg4 Rg7+ 66. Kf5 Rf7+ 67. Kg5 Rg7+ 68. Kf6 Rg3 69. f5
Rg4 70. Kf7 Kd4 71. f6 Rg5 72. Kf8 Kd5 73. f7 Kd6 74. Rd8+ Kc7 75. Rd4 Rg6
76. Ke7 Rg7 77. Kf6 {Black resigns} 1-0

[Event "ICC tourney 2876 (40 10)"]
[Site "Internet Chess Club"]
[Date "2022.04.09"]
[Round "1"]
[White "KHAIS, STEVEN:methodX17"]
[Black "LOCHAM, DIVJOT SINGH:winner08"]
[Result "0-1"]
[ICCResult "White resigns"]
[WhiteElo "1501"]
[BlackElo "1750"]
[Opening "English: Anglo-Grünfeld, Smyslov defense"]
[ECO "A16"]
[NIC "EO.53"]
[Time "11:01:12"]
[PlyCount "158"]
[TimeControl "2400+10"]

1. c4 Nf6 2. Nc3 d5 3. cxd5 Nxd5 4. g3 g6 5. Bg2 Nxc3 6. bxc3 Bg7 7. Nf3 O-O
8. O-O c6 9. d4 Qa5 10. Bd2 Rd8 11. e4 c5 12. e5 Nc6 13. Re1 Qc7 14. Bf4 Qa5
15. Rc1 Bg4 16. h3 Be6 17. Ng5 Bd5 18. e6 f6 19. Nf7 Bxg2 20. Kxg2 Rd5 21.
Nh6+ Bxh6 22. Bxh6 cxd4 23. cxd4 Nxd4 24. Qg4 Nf5 25. Be3 Qxa2 26. h4 Nxe3+
27. Rxe3 Rf5 28. Rf1 Rd8 29. Rf3 Rxf3 30. Qxf3 Qxe6 31. Qxb7 Qd5+ 32. Qxd5+
Rxd5 33. Ra1 Rd7 34. Ra6 Kf7 35. Kf3 Ke8 36. Ke4 Kd8 37. f4 Kc8 38. f5 Kb7
39. Ra5 Kb6 40. Ra1 a5 41. fxg6 hxg6 42. Kf4 Rd4+ 43. Ke3 Rd6 44. Kf4 Kb5
45. Rb1+ Ka6 46. Ra1 Rd4+ 47. Ke3 Rg4 48. Kf3 Rb4 49. Re1 Rb7 50. Kf4 a4 51.
Ra1 Ka5 52. Ke4 Rb5 53. Kd4 Rb3 54. g4 Rb4+ 55. Kd5 Rxg4 56. Rh1 a3 57. Ke6
Re4+ 58. Kf7 Ka4 59. Kxg6 a2 60. h5 Rb4 61. Ra1 Ka3 62. h6 Kb2 63. h7 Rh4
64. Rg1 a1=Q 65. Rg2+ Kc3 66. Rg3+ Kd4 67. Kg7 Rxh7+ 68. Kxh7 Qb1+ 69. Kg7
Qb8 70. Rg4+ Ke5 71. Kf7 Qd6 72. Rg1 Qd5+ 73. Kf8 e6 74. Re1+ Qe4 75. Ra1
Qd4 76. Re1+ Kd5 77. Rh1 f5 78. Rh5 Qf6+ 79. Kg8 Qg6+ {White resigns} 0-1

[Event "ICC tourney 2876 (40 10)"]
[Site "Internet Chess Club"]
[Date "2022.04.09"]
[Round "1"]
[White "WANG, JACOB S:JACOBCHESS857"]
[Black "HANKE, HARVEY:ThinkingPanda"]
[Result "1-0"]
[ICCResult "Black checkmated"]
[WhiteElo "1397"]
[BlackElo "1642"]
[Opening "Ruy Lopez: Schliemann defense"]
[ECO "C63"]
[NIC "RL.06"]
[Time "11:00:21"]
[PlyCount "125"]
[TimeControl "2400+10"]

1. e4 e5 2. Nf3 Nc6 3. Bb5 f5 4. d3 fxe4 5. dxe4 Nf6 6. Nc3 Bc5 7. O-O d6 8.
Bg5 O-O 9. Nd5 Kh8 10. Nxf6 gxf6 11. Be3 Bb6 12. Qd2 f5 13. Bxc6 bxc6 14.
Bg5 Qe8 15. exf5 Bxf5 16. Be3 Qh5 17. Qc3 Rg8 18. Kh1 Bh3 19. Ne1 Qg4 20.
Rg1 Rg6 21. Bxb6 axb6 22. Qxh3 Qd4 23. Nd3 e4 24. Qh4 Rag8 25. f3 Qg7 26.
Nf4 Rh6 27. Qe1 Rf8 28. Qxe4 d5 29. Qe3 Qf7 30. Qe5+ Kg8 31. Qg5+ Rg6 32.
Nxg6 hxg6 33. Rae1 Qf6 34. Qxf6 Rxf6 35. Re8+ Kf7 36. Rge1 Rf4 37. R1e7+ Kf6
38. Rf8+ Kxe7 39. Rxf4 c5 40. Kg1 c6 41. Kf2 b5 42. Ke2 c4 43. c3 c5 44. a3
Kd7 45. Rf6 d4 46. cxd4 cxd4 47. Kd2 g5 48. Rf5 Kc6 49. Rxg5 d3 50. h4 Kb6
51. h5 Kc6 52. h6 Kb6 53. h7 Kc6 54. h8=Q Kb6 55. Qf6+ Ka5 56. Qd8+ Ka4 57.
Qa8+ Kb3 58. Rxb5+ Ka2 59. Qe4 c3+ 60. bxc3 Ka1 61. Qe1+ Ka2 62. Qb1+ Kxa3
63. Qb3# {Black checkmated} 1-0

[Event "ICC tourney 2876 (40 10)"]
[Site "Internet Chess Club"]
[Date "2022.04.09"]
[Round "2"]
[White "PUGH, RICHARD:rpughiii"]
[Black "Kobanenko, Mikhail:LightArt"]
[Result "0-1"]
[ICCResult "White resigns"]
[WhiteElo "1438"]
[BlackElo "1568"]
[Opening "Queen's pawn: Yusupov-Rubinstein system"]
[ECO "A46"]
[NIC "QP.06"]
[Time "13:15:36"]
[PlyCount "30"]
[TimeControl "2400+10"]

1. d4 Nf6 2. Nf3 e6 3. e3 c5 4. c3 d5 5. Nbd2 Nc6 6. Bd3 Bd6 7. O-O h5 8. b3
Ng4 9. e4 cxd4 10. exd5 dxc3 11. dxc6 cxd2 12. cxb7 Bxb7 13. Bb5+ Kf8 14.
Bxd2 Bxf3 15. Qxf3 Nxh2 {White resigns} 0-1

[Event "ICC tourney 2876 (40 10)"]
[Site "Internet Chess Club"]
[Date "2022.04.09"]
[Round "2"]
[White "DUBE, DANIEL:betterone76"]
[Black "Tang, Austin:Mrpeetapizza"]
[Result "0-1"]
[ICCResult "White resigns"]
[WhiteElo "1652"]
[BlackElo "1835"]
[Opening "Réti: King's Indian attack"]
[ECO "A05"]
[NIC "QP.11"]
[Time "13:15:15"]
[PlyCount "44"]
[TimeControl "2400+10"]

1. Nf3 Nf6 2. g3 g6 3. Bg2 Bg7 4. O-O O-O 5. d3 d5 6. Nbd2 c5 7. c4 Nc6 8.
cxd5 Nxd5 9. a3 Be6 10. Ng5 Bc8 11. Nc4 b6 12. Rb1 Bb7 13. b3 Nc3 14. Qc2
Nd4 15. Qb2 Bxg2 16. Kxg2 Nxb1 17. Qxb1 Nxe2 18. Bb2 Qd5+ 19. Nf3 Bxb2 20.
Qxb2 Nd4 21. Ne3 Qxf3+ 22. Kg1 Ne2+ {White resigns} 0-1

[Event "ICC tourney 2876 (40 10)"]
[Site "Internet Chess Club"]
[Date "2022.04.09"]
[Round "2"]
[White "HANKE, HARVEY:ThinkingPanda"]
[Black "KHAIS, STEVEN:methodX17"]
[Result "1-0"]
[ICCResult "Black resigns"]
[WhiteElo "1642"]
[BlackElo "1501"]
[Opening "Sicilian: closed"]
[ECO "B23"]
[NIC "SI.44"]
[Time "13:15:14"]
[PlyCount "77"]
[TimeControl "2400+10"]

1. e4 c5 2. Nc3 g6 3. f4 Bg7 4. Nf3 Nc6 5. Bc4 Na5 6. Bb3 Nxb3 7. axb3 d6 8.
O-O Nf6 9. d3 O-O 10. Qe1 e6 11. f5 exf5 12. Bg5 h6 13. Bh4 fxe4 14. Nxe4
Bf5 15. Nfd2 Bxe4 16. Nxe4 g5 17. Nxg5 hxg5 18. Bxg5 Re8 19. Qh4 Re6 20. Rf3
Qb6 21. Bxf6 c4+ 22. Kh1 Rxf6 23. Rxf6 Bxf6 24. Qxf6 cxb3 25. Qg5+ Kf8 26.
Qh6+ Kg8 27. Ra4 f5 28. Qg6+ Kf8 29. Qxf5+ Ke7 30. Re4+ Kd8 31. Qf8+ Kc7 32.
Qe7+ Kc6 33. Rc4+ Kb5 34. Qd7+ Ka6 35. Ra4+ Qa5 36. Qxd6+ b6 37. Rxa5+ Kxa5
38. cxb3 Rc8 39. h4 {Black resigns} 1-0

[Event "ICC tourney 2876 (40 10)"]
[Site "Internet Chess Club"]
[Date "2022.04.09"]
[Round "2"]
[White "JACKSON, MASSIMO MATEO:Yeetamus123"]
[Black "HOSUR, SANMITA:phosur"]
[Result "1-0"]
[ICCResult "Black resigns"]
[WhiteElo "1514"]
[BlackElo "1250"]
[Opening "Sicilian: Grand Prix attack"]
[ECO "B23"]
[NIC "SI.44"]
[Time "13:15:16"]
[PlyCount "71"]
[TimeControl "2400+10"]

1. e4 c5 2. Nc3 Nc6 3. f4 d6 4. Nf3 g6 5. Bc4 e6 6. d3 Bg7 7. O-O Nge7 8. e5
dxe5 9. fxe5 Nxe5 10. Nxe5 Bxe5 11. Bh6 Nf5 12. Qd2 Qd4+ 13. Kh1 Qh4 14.
Bb5+ Bd7 15. Bxd7+ Kxd7 16. Bf4 Bxf4 17. Rxf4 Qe7 18. Ne4 e5 19. Rf2 Kc8 20.
Raf1 h5 21. c3 Kc7 22. d4 cxd4 23. cxd4 Rad8 24. Qa5+ Kb8 25. dxe5 f6 26.
Nxf6 Qg7 27. Kg1 Qh6 28. Nd5 Rc8 29. Rf3 Qg5 30. Ra3 a6 31. Rb3 Rh7 32. Qxa6
Nh4 33. Qd6+ Rcc7 34. g3 Rd7 35. Rf8+ Rd8 36. Rxd8+ {Black resigns} 1-0

[Event "ICC tourney 2876 (40 10)"]
[Site "Internet Chess Club"]
[Date "2022.04.09"]
[Round "2"]
[White "Doan Giang, Nguyen Doan:Doctorstrange04"]
[Black "LOPEZ, FRANCISCO JAVIER:steinutz"]
[Result "0-1"]
[ICCResult "White resigns"]
[WhiteElo "1821"]
[BlackElo "1641"]
[Opening "Scandinavian (center counter) defense"]
[ECO "B01"]
[NIC "VO.17"]
[Time "13:15:36"]
[PlyCount "156"]
[TimeControl "2400+10"]

1. e4 d5 2. exd5 Qxd5 3. Nf3 c6 4. d4 Nf6 5. Be2 Bf5 6. O-O e6 7. c4 Qd8 8.
Nc3 Be7 9. Bf4 O-O 10. Qb3 Qb6 11. c5 Qxb3 12. axb3 Nbd7 13. b4 a6 14. h3 h6
15. Ra3 Rad8 16. Nd2 Nd5 17. Nxd5 exd5 18. Nb3 Nf6 19. Na5 Bc8 20. Re1 Rfe8
21. Re3 Bf8 22. Bc7 Rxe3 23. Bxd8 Re4 24. Nb3 Nh7 25. Kf1 Be7 26. Bxe7 Rxe7
27. Bg4 Rxe1+ 28. Kxe1 f5 29. Be2 Kf7 30. Bd3 Kf6 31. f4 Nf8 32. Kf2 Ne6 33.
Ke3 g5 34. g3 Nc7 35. Be2 Kg6 36. Nc1 Ne8 37. Nd3 Nf6 38. Ne5+ Kg7 39. Bd3
Ne4 40. Bxe4 fxe4 41. g4 gxf4+ 42. Kxf4 h5 43. Kg5 hxg4 44. hxg4 Be6 45. Kf4
Bc8 46. Kg5 Be6 47. Ng6 Bxg4 48. Nf4 Bd7 49. Ne2 Kf7 50. Nc3 Ke7 51. Nd1 Kd8
52. Kf6 Kc7 53. Ne3 Bh3 54. Ke7 Bc8 55. Kf6 Kb8 56. Ke7 Ka7 57. Kd8 Bh3 58.
Kc7 Be6 59. Kd6 Bf7 60. Kc7 Bh5 61. Nf5 Bf3 62. Ne3 Be2 63. Ng2 Bb5 64. Ne3
Bd3 65. Nf5 Bc4 66. Ne3 Bd3 67. Kd6 Bb5 68. Ke5 b6 69. Kd6 a5 70. Kc7 bxc5
71. bxc5 a4 72. Kd6 Ka6 73. Ke5 Ka5 74. Nf5 Kb4 75. Kf4 Kb3 76. Nd6 Bd3 77.
Nb7 Kxb2 78. Na5 Bb5 {White resigns} 0-1

[Event "ICC tourney 2876 (40 10)"]
[Site "Internet Chess Club"]
[Date "2022.04.09"]
[Round "2"]
[White "Mason, Mike W:MikeWMason"]
[Black "WILLY, STEPHEN:stephenwilly"]
[Result "0-1"]
[ICCResult "White resigns"]
[WhiteElo "1500"]
[BlackElo "1809"]
[Opening "Giuoco Piano"]
[ECO "C50"]
[NIC "IG.02"]
[Time "13:15:30"]
[PlyCount "72"]
[TimeControl "2400+10"]

1. e4 e5 2. Nf3 Nc6 3. Bc4 Bc5 4. d4 exd4 5. O-O Nf6 6. c3 Nxe4 7. cxd4 d5
8. dxc5 dxc4 9. Qe2 Qd3 10. Re1 f5 11. Nc3 O-O 12. Nxe4 fxe4 13. Qxe4 Bf5
14. Qh4 Bg6 15. Be3 Rxf3 16. gxf3 Ne5 17. Qg3 Qd5 18. Red1 Nxf3+ 19. Kf1
Bd3+ 20. Rxd3 cxd3 21. Bh6 Nxh2+ 22. Qxh2 gxh6 23. Qg2+ Qxg2+ 24. Kxg2 Rd8
25. Rd1 Kf7 26. Kf3 d2 27. Ke2 Ke6 28. b4 c6 29. Rxd2 Rxd2+ 30. Kxd2 Kf5 31.
Ke3 Kg4 32. Ke4 h5 33. f3+ Kg3 34. f4 h4 35. f5 h3 36. f6 h2 {White resigns}
0-1

[Event "ICC tourney 2876 (40 10)"]
[Site "Internet Chess Club"]
[Date "2022.04.09"]
[Round "2"]
[White "LOCHAM, DIVJOT SINGH:winner08"]
[Black "WANG, JACOB S:JACOBCHESS857"]
[Result "1-0"]
[ICCResult "Black resigns"]
[WhiteElo "1750"]
[BlackElo "1397"]
[Opening "Scotch: Potter variation"]
[ECO "C45"]
[NIC "SO.05"]
[Time "13:15:28"]
[PlyCount "47"]
[TimeControl "2400+10"]

1. e4 e5 2. Nf3 Nc6 3. d4 exd4 4. Nxd4 Bc5 5. Nb3 Bb6 6. Nc3 d6 7. Qe2 Nf6
8. Be3 Be6 9. O-O-O Qe7 10. f3 O-O-O 11. Bxb6 axb6 12. Qb5 Bd7 13. Qg5 Rhg8
14. Qd2 Be6 15. Nd5 Bxd5 16. exd5 Ne5 17. Bb5 Ned7 18. Rhe1 Qf8 19. Qb4 Nc5
20. Qa3 Kb8 21. c4 g6 22. Nd4 Nfd7 23. b4 Qh6+ 24. Kb1 {Black resigns} 1-0

[Event "ICC tourney 2876 (40 10)"]
[Site "Internet Chess Club"]
[Date "2022.04.09"]
[Round "2"]
[White "ZHENG, ZHAOXIONG:normzheng"]
[Black "LIU, JOSHUA:chessmaster0981"]
[Result "1-0"]
[ICCResult "Black resigns"]
[WhiteElo "1719"]
[BlackElo "1676"]
[Opening "French: Burn variation"]
[ECO "C11"]
[NIC "FR.05"]
[Time "13:15:21"]
[PlyCount "88"]
[TimeControl "2400+10"]

1. d4 Nf6 2. Nc3 e6 3. e4 d5 4. Bg5 dxe4 5. Nxe4 Be7 6. Bxf6 Bxf6 7. c3 Nd7
8. g3 Be7 9. Bg2 c5 10. dxc5 Nxc5 11. Qxd8+ Kxd8 12. O-O-O+ Kc7 13. Ne2 Bd7
14. Nxc5 Bxc5 15. f4 Bc6 16. Bxc6 Kxc6 17. b4 Be3+ 18. Kc2 Rhd8 19. a4 Rac8
20. Rd3 Rxd3 21. Kxd3 Bb6 22. Ke4 Rd8 23. Nd4+ Kd6 24. Rd1 Bxd4 25. Rxd4+
Ke7 26. Rxd8 Kxd8 27. c4 Kd7 28. c5 Kc6 29. Kd4 a6 30. Kc4 f6 31. b5+ axb5+
32. axb5+ Kd7 33. Kd4 h6 34. Ke4 Ke7 35. h3 Kd7 36. g4 g5 37. Kf3 Ke7 38.
Kg3 Kf7 39. c6 bxc6 40. b6 c5 41. b7 c4 42. b8=Q c3 43. Qc7+ Kg6 44. Qxc3
gxf4+ {Black resigns} 1-0

[Event "ICC tourney 2876 (40 10)"]
[Site "Internet Chess Club"]
[Date "2022.04.09"]
[Round "2"]
[White "DAS, ADITEYA:AdiD"]
[Black "LIN, GABRIEL:danaglin"]
[Result "1/2-1/2"]
[ICCResult "Game drawn by mutual agreement"]
[WhiteElo "1492"]
[BlackElo "1505"]
[Opening "French: advance, Wade variation"]
[ECO "C02"]
[NIC "FR.03"]
[Time "13:20:37"]
[PlyCount "140"]
[TimeControl "2400+10"]

1. e4 e6 2. d4 d5 3. e5 c5 4. c3 Qb6 5. Nf3 Bd7 6. Be2 Bb5 7. O-O Bxe2 8.
Qxe2 Nc6 9. Qd1 Nge7 10. Na3 cxd4 11. cxd4 Nf5 12. Nc2 Rc8 13. b3 a5 14. Bb2
a4 15. Qd3 a3 16. Bc3 Bb4 17. Bxb4 Nxb4 18. Nxb4 Qxb4 19. Rac1 O-O 20. g4
Ne7 21. Qd2 Nc6 22. Qd3 Qe7 23. Kg2 Nb4 24. Qd2 Rc6 25. Rxc6 Nxc6 26. Rc1 f6
27. Qe3 f5 28. g5 f4 29. Qd3 Qf7 30. h4 Qh5 31. Kh3 Nb4 32. Qd1 Nxa2 33. Ra1
Nc3 34. Qh1 a2 35. Qg2 Ra8 36. Qg4 Qxg4+ 37. Kxg4 Ra3 38. Nd2 Ne2 39. Nf3
Kf7 40. h5 g6 41. hxg6+ hxg6 42. Kh3 Ke7 43. Kg2 Kd7 44. Kf1 Nc3 45. Nd2 Ne4
46. Ke2 Kc6 47. Nf3 Nc3+ 48. Kd3 Rxb3 49. Kc2 Ra3 50. Kb2 Nb5 51. Nh4 Ra8
52. Nxg6 f3 53. Rxa2 Rxa2+ 54. Kxa2 Nxd4 55. Nh4 Kd7 56. g6 Ke7 57. Kb2 b5
58. Kc3 Nc6 59. Nxf3 b4+ 60. Kb3 Kf8 61. Ng5 Kg7 62. Nxe6+ Kxg6 63. Nc7 d4
64. e6 d3 65. Nd5 Nd4+ 66. Kxb4 d2 67. Nc3 Nxe6 68. Nd1 Kf5 69. Kc3 Nf4 70.
Kxd2 Nh3 {Game drawn by mutual agreement} 1/2-1/2